 Dungeon Sprint DCSS version 0.19.0-22-gd96e5fe (webtiles) character file.

3247 equalderp2856 the Ripper (level 9, -1/44 HPs)
             Began as a Felid Fighter on Nov 18, 2016.
             Killed from afar by a deep elf knight (37 damage)
             ... with a shard of ice
             ... in the Dungeon (Sprint III: "The Ten Rune Challenge").
             The game lasted 00:21:38 (4362 turns).

equalderp2856 the Ripper (Felid Fighter)            Turns: 4362, Time: 00:21:38

Health: -1/44      AC:  2    Str: 13    XL:     9   Next: 67%
Magic:  20/20      EV: 33    Int: 10    God:
Gold:   3242       SH:  0    Dex: 17    Spells: 7 memorised, 6 levels left
                                        Lives:  0   Deaths: 2

rFire  . . .     SeeInvis +       - Unarmed
rCold  . . .     Gourm    .     (armour unavailable)
rNeg   . . .     Faith    .     (shield unavailable)
rPois  .         Spirit   .     (helmet unavailable)
rElec  .         Reflect  .     (cloak unavailable)
rCorr  .         Harm     .     (gloves unavailable)
MR     ++...     NoTele   +     (boots unavailable)
Stlth  ++++++....               (no amulet)
                                l - ring of protection from magic
                                g - +4 ring of evasion

@: very slightly contaminated, quick
A: no armour, no weapons or thrown items, stealth, claws 1, fangs 3, see
invisible, carnivore 3, speed 1, shaggy fur 2, slow metabolism 1, sharp paws
a: no special abilities


You were in the Dungeon.
You were not hungry.

You visited 1 branch You collected 4121 gold pieces.
You spent 879 gold pieces at shops.

Inventory:

Hand Weapons
 e - a +0 falchion
Jewellery
 g - a +4 ring of evasion (left paw)
 l - a ring of protection from magic (right paw)
Wands
 d - a wand of paralysis (5/24)
 j - a wand of random effects (25/48)
Scrolls
 h - 2 scrolls of blinking
 i - 2 scrolls of magic mapping
 m - a scroll of remove curse
Potions
 a - a potion of might
 f - 2 potions of magic
Books
 c - a book of Minor Magic

   Spells                             Type                      Level
   a - Magic Dart                     Conjuration                  1
   b - Blink                          Translocation                2
   c - Call Imp                       Summoning                    2
   d - Repel Missiles                 Charms/Air                   2
   e - Slow                           Hexes                        2
   f - Conjure Flame                  Conjuration/Fire             3
   g - Mephitic Cloud                 Conjuration/Poison/Air       3
Comestibles
 b - a meat ration
 k - 23 royal jellies


   Skills:
 + Level 8.1 Fighting
 + Level 12.9 Dodging
 + Level 14.2 Stealth
 + Level 15.8 Unarmed Combat
 + Level 6.9 Spellcasting
 + Level 5.4 Summonings
 + Level 3.0 Translocations


You had 6 spell levels left.
You knew the following spells:

 Your Spells              Type           Power        Failure   Level  Hunger
a - Blink                 Tloc           N/A          10%         2    ##.....
b - Call Imp              Summ           ##......     3%          2    ##.....
c - Slow                  Hex            #.......     30%         2    ##.....
d - Conjure Flame         Conj/Fire      #.......     65%         3    ###....
e - Repel Missiles        Chrm/Air       #.....       30%         2    ##.....
f - Magic Dart            Conj           #...         21%         1    None
g - Mephitic Cloud        Conj/Pois/Air  #.......     65%         3    ###....


Dungeon Overview and Level Annotations

Branches:
Dungeon (1/1)

Altars:
Cheibriados
Dithmenos
Elyvilon
Fedhas
Gozag
Hepliaklqana
Kikubaaqudgha
Makhleb
Nemelex Xobeh
Okawaru
Qazlal
Ru
Sif Muna
Trog
Uskayaw
Vehumet
Xom
Yredelemnul
Zin
The Shining One
Beogh
Jiyva
Lugonu

Shops:
D *


Innate Abilities, Weirdness & Mutations

You cannot wear armour.
You are incapable of wielding weapons or throwing items.
Your paws allow you to move quietly. (Stealth)
You have sharp claws.
You have razor-sharp teeth.
You have supernaturally acute eyesight. (SInv)
You are carnivorous and can eat meat at any time.
You cover ground quickly.
You are covered in thick fur. (AC +2)
You have a slow metabolism.
Your sharp claws are effective at attacking unaware monsters.


Message History

The deep elf knight flickers and vanishes for a moment.
You scratch the deep elf knight but do no damage.
The deep elf knight is moderately wounded.
The deep elf knight gestures at you while chanting.
The shard of ice misses you.
You barely miss the deep elf knight.
The deep elf knight is moderately wounded.
The deep elf knight barely misses you.
You claw the deep elf knight!
The deep elf knight is heavily wounded.
The deep elf knight completely misses you.
You closely miss the deep elf knight.
The deep elf knight is heavily wounded.
The deep elf knight completely misses you.
You claw the deep elf knight!
The deep elf knight is almost dead.
The deep elf knight points at you and mumbles some strange words.
The shard of ice hits you!
Ouch! That really hurt!
You die...

♣ ♣..#)..#__)#._#.........##.#e..
♣♣♣♣.###'#÷###)##..).....## .#e..
.♣...#..........#.........##.#ee.
♣.♣..'.⌠........#.#)#.#∩#..#.'...
≈≈..)#...######)#..#.#.#.########
≈)...#.⌠.#__#..)#(###############
.....#...#__#...#.)..#)#)#)...†#.
.....#'###__#...##.#.)#.##.###.#.
.....#.))#__#...@##)#.#.##.#.†##†
.....#___#__'...#e))#..#).##.†'..
▓▓▓▓▓▓▓▓▓▓▓▓▓▓▓▓▓▓▓▓▓▓▓▓▓▓▓▓▓▓#..
#.. +.( #.. ##+


You could see a deep elf knight (invisible).

Vanquished Creatures
  Erolcha (D)
  An orc high priest (D)
  A deep elf mage (D)
  A queen bee (D)
  A shadow (D)
  2 redbacks (D)
  2 hill giants (D)
  A spatial vortex (D)
  An orc warrior (D)
  A necrophage (D)
  3 two-headed ogres (D)
  A water elemental (D)
  A scorpion (D)
  32 killer bees (D)
  A jelly (D)
  An orc priest (D)
  A wizard (D)
  2 orc wizards (D)
  Jessica (D)
  A necromancer (D)
  3 humans (D)
  A kobold demonologist (D)
  9 orcs (D)
  3 rats (D)
72 creatures vanquished.

Vanquished Creatures (collateral kills)
  An orc (D)
1 creature vanquished.

Vanquished Creatures (others)
  2 draconian scorchers (D)
  6 hellions (D)
  2 yaktaurs (D)
  A plant (D)
11 creatures vanquished.

Grand Total: 84 creatures vanquished

Notes
Turn   | Place    | Note
-------+----------+-------------------------------------------
     0 | D        | equalderp2856 the Felid Fighter began the quest for the Orb.
     0 | D        | Reached XP level 1. HP: 10/10 MP: 2/2
    17 | D        | Noticed Jessica
    22 | D        | Killed Jessica
    22 | D        | Reached skill level 5 in Dodging
    22 | D        | Reached skill level 6 in Unarmed Combat
    22 | D        | Reached XP level 2. HP: 3/15 MP: 3/3
    43 | D        | Killed a yaktaur
    90 | D        | Killed a hellion
    90 | D        | Killed a hellion
    90 | D        | Killed a hellion
   131 | D        | Killed a hellion
   165 | D        | Killed a hellion
   197 | D        | Killed a hellion
   206 | D        | Killed a white draconian scorcher
   253 | D        | Killed a white draconian scorcher
   259 | D        | Noticed a scorpion
   279 | D        | Killed a scorpion
   279 | D        | Reached skill level 7 in Unarmed Combat
   279 | D        | Reached XP level 3. HP: 8/18 MP: 4/4
   279 | D        | Reached XP level 4. HP: 10/22 MP: 5/5
   639 | D        | Noticed a water elemental
   647 | D        | Killed a water elemental
   647 | D        | Reached skill level 5 in Fighting
   647 | D        | Reached skill level 1 in Stealth
   647 | D        | Reached skill level 9 in Unarmed Combat
   647 | D        | Reached XP level 5. HP: 26/26 MP: 6/6
   665 | D        | Found a radiant altar of Vehumet.
   665 | D        | Found a deep blue altar of Sif Muna.
   665 | D        | Found an ancient bone altar of Kikubaaqudgha.
   673 | D        | Noticed a chaos spawn
   689 | D        | Found a glowing silver altar of Zin.
   689 | D        | Found a glowing golden altar of the Shining One.
   689 | D        | Found a white marble altar of Elyvilon.
   690 | D        | Noticed a deep elf mage
   692 | D        | Killed a deep elf mage
   692 | D        | Reached skill level 12 in Unarmed Combat
   692 | D        | Gained mutation: You are covered in thick fur. (AC +2) [Felid growth]
   692 | D        | Reached XP level 6. HP: 31/31 MP: 7/7
   692 | D        | Reached XP level 7. HP: 35/35 MP: 8/8
   703 | D        | Learned a level 2 spell: Blink
   707 | D        | Learned a level 2 spell: Call Imp
   710 | D        | Learned a level 2 spell: Slow
   801 | D        | Found a hide-covered altar of Uskayaw.
   801 | D        | Found a roughly hewn altar of Beogh.
   801 | D        | Found an iron altar of Okawaru.
   801 | D        | Found a bloodstained altar of Trog.
   801 | D        | Noticed a human
   802 | D        | Noticed a human
   804 | D        | Killed a human
   804 | D        | Reached skill level 10 in Dodging
   810 | D        | Killed a human
   916 | D        | Found a basalt altar of Yredelemnul.
   916 | D        | Found a shadowy altar of Dithmenos.
   916 | D        | Found a sacrificial altar of Ru.
   918 | D        | Reached skill level 13 in Unarmed Combat
   929 | D        | Noticed a shadow
   959 | D        | Killed a shadow
   959 | D        | Reached skill level 1 in Spellcasting
   959 | D        | Reached XP level 8. HP: 40/40 MP: 10/10
   982 | D        | Found a blossoming altar of Fedhas.
   982 | D        | Found a stormy altar of Qazlal.
   982 | D        | Found a snail-covered altar of Cheibriados.
   982 | D        | Found a burning altar of Makhleb.
   982 | D        | Found a shimmering altar of Xom.
   983 | D        | Found a hazy altar of Hepliaklqana.
   983 | D        | Found an opulent altar of Gozag.
   983 | D        | Found a sparkling altar of Nemelex Xobeh.
   983 | D        | Found a corrupted altar of Lugonu.
   983 | D        | Found a viscous altar of Jiyva.
   986 | D        | Reached skill level 10 in Stealth
  1126 | D        | Reached skill level 1 in Summonings
  1141 | D        | Noticed Erolcha
  1287 | D        | HP: 1/40 [redback (9)]
  1288 | D        | Reached skill level 14 in Unarmed Combat
  1288 | D        | Succumbed to a redback's poison
  1289 | D        | Reached XP level 7. HP: -2/36 MP: 8/12
  1310 | D        | Killed Erolcha
  1310 | D        | Reached skill level 5 in Spellcasting
  1310 | D        | Reached XP level 8. HP: 40/40 MP: 2/16
  1536 | D        | Reached skill level 5 in Summonings
  1584 | D        | HP: 2/40 [poisoned by a killer bee]
  1588 | D        | Succumbed to a killer bee's poison
  1589 | D        | Reached XP level 7. HP: 0/36 MP: 16/16
  1627 | D        | Reached XP level 8. HP: 31/40 MP: 17/17
  2341 | D        | Killed a yaktaur
  2519 | D        | Reached skill level 15 in Unarmed Combat
  3195 | D        | Reached skill level 1 in Translocations
  3195 | D        | Reached XP level 9. HP: 39/44 MP: 19/19
  3203 | D        | Learned a level 3 spell: Conjure Flame
  3208 | D        | Learned a level 2 spell: Repel Missiles
  3210 | D        | Learned a level 1 spell: Magic Dart
  3401 | D        | Noticed an orc high priest
  3473 | D        | Killed an orc high priest
  3555 | D        | Noticed a queen bee
  4096 | D        | Killed a queen bee
  4149 | D        | Found Noivieb's General Store.
  4211 | D        | Bought a +4 ring of evasion for 396 gold pieces
  4211 | D        | Bought an uncursed ring of protection from magic for 275 gold pieces
  4211 | D        | Bought a scroll of magic mapping for 38 gold pieces
  4211 | D        | Bought a scroll of remove curse for 33 gold pieces
  4211 | D        | Bought a potion of heal wounds for 55 gold pieces
  4211 | D        | Bought a scroll of blinking for 82 gold pieces
  4231 | D        | Learned a level 3 spell: Mephitic Cloud
  4315 | D        | Noticed a deep elf knight
  4315 | D        | Noticed a deep elf mage
  4315 | D        | Noticed a deep elf knight
  4315 | D        | Noticed a deep elf mage
  4315 | D        | Noticed a deep elf mage
  4362 | D        | Killed from afar by a deep elf knight

Skill      XL: |  1  2  3  4  5  6  7  8  9 |
---------------+----------------------------+-----
Dodging        | 5 6 7 9 10 12 | 12.9
Unarmed Combat | 6 7 9 12 13 15 | 15.8
Fighting       | 4 5 6 7 8 |  8.1
Stealth        | 1 6 13 12 14 | 14.2
Spellcasting   | 5 6 |  6.9
Summonings     | 4 5 |  5.4
Translocations | 1 3 |  3.0

Action                   |  1- 3 |  4- 6 |  7- 9 || total
-------------------------+-------+-------+-------++-------
Melee: Unarmed           |    17 |    26 |   273 ||   316
       Bite              |     3 |     3 |    27 ||    33
       Punch             |       |     3 |    12 ||    15
 Cast: Call Imp          |       |       |    21 ||    21
       Blink             |       |       |     6 ||     6
  Use: Potion            |     1 |       |     5 ||     6
 Stab: Sleeping          |       |     3 |     8 ||    11
       Distracted        |       |       |     5 ||     5
  Eat: Royal jelly       |       |       |     3 ||     3
Armor: Skin              |     1 |       |     2 ||     3
Dodge: Dodged            |    14 |    14 |   263 ||   291
